Map: 星軌船廠

Players

Rose (Python) - Winner!

  • Race: Zerg Zerg
  • League: Grandmaster

YouRush (JoJo)

  • Race: Zerg Zerg
  • League: Master

Event: 2016 WCS Winter Challenger Taiwan

VOD

Have the link to the VOD?

Description

Time

  • Played on: Jan. 14, 2016, 5:47 a.m.
  • Length: 17:28

All games in this series

Show
View Real Time Build Order
Export as new Build Order

Rose Zerg - Winner!

Build Orders: Hatch First 

Get SALT Encoding   

  12  0:01  Drone  
  13  0:08  Drone  
  14  0:17  Overlord  
  14  0:24  Drone, Extractor  
  15  0:35  Drone  
  15  0:36  Drone  
  17  0:55  Hatchery  
  16  0:57  Drone  
  17  1:12  Spawning Pool  
  17  1:14  Drone  
  17  1:17  Extractor  
  16  1:20  Drone  
  16  1:24  Drone  
  18  1:29  Drone  
  19  1:39  Overlord  
  19  1:58  Queen  
  19  1:59  Zergling x2  
  19  2:01  Drone  
  23  2:06  Queen  
  23  2:07  Drone  
  26  2:10  Drone  
  27  2:18  Drone  
  27  2:19  Metabolic Boost  
  28  2:24  Drone  
  28  2:28  Drone  
  30  2:41  Drone  
  31  2:47  Hatchery, Drone  
  31  2:57  Baneling Nest  
  29  3:01  Zergling x2  
  29  3:02  Zergling x6  
  33  3:08  Zergling x6  
  36  3:13  Overlord  
  36  3:31  Zergling x12  
  42  3:40  Zergling x2  
  43  3:49  Zergling x2  
  43  3:56  Zergling x2  
  42  4:06  Zergling x14  
  42  4:09  Queen  
  42  4:20  Zergling x2  
  42  4:21  Zergling x14  
  42  4:23  Baneling  
  48  4:28  Zergling x4  
  50  4:40  Overlord  
  50  4:44  Baneling x6  
  48  4:50  Zergling x6  
  41  5:11  Zergling x20  
  44  5:24  Zergling x2  
  44  5:25  Zergling x14  
  44  5:26  Zergling x2  
  54  5:35  Zergling x4  
  54  5:36  Zergling x2  
  51  5:55  Zergling x12  
  57  6:03  Zergling x8  
  54  6:15  Zergling x6  
  54  6:16  Zergling x4  
  54  6:18  Baneling x6  
  52  6:27  Zergling x6  
  52  6:31  Zergling x4  
  56  6:37  Zergling x2  
  50  6:47  Zergling x4  
  50  6:48  Zergling x2  
  50  6:52  Zergling x2  
  51  6:58  Zergling x4  
  51  7:03  Spore Crawler  
  49  7:10  Drone  
  49  7:11  Drone x2  
  52  7:15  Drone  
  52  7:16  Drone  
  54  7:25  Spore Crawler  
  53  7:30  Zergling x8  
  53  7:32  Spore Crawler  
  52  7:43  Drone x6  
  58  7:48  Spore Crawler  
  56  7:56  Overlord x2  
  56  8:02  Baneling x5  
  56  8:04  Overlord  
  56  8:14  Drone  
  56  8:19  Drone  
  53  8:34  Zergling x2  
  53  8:35  Zergling x8  
  53  8:46  Zergling x12  
  54  8:50  Zergling x2  
  54  8:51  Queen x2  
  52  8:59  Lair  
  52  9:00  Drone  
  52  9:02  Drone, Spore Crawler  
  52  9:05  Drone  
  52  9:14  Drone x3  
  55  9:22  Drone  
  56  9:24  Extractor  
  56  9:25  Extractor  
  56  9:26  Drone x4  
  56  9:28  Extractor  
  57  9:32  Overlord, Drone  
  57  9:33  Overlord  
  58  9:41  Overlord  
  58  9:47  Overlord  
  58  9:52  Overlord  
  58  9:53  Drone x4, Extractor  
  58  9:54  Extractor  
  60  10:00  Spire, Drone x2  
  60  10:03  Drone x2  
  60  10:06  Drone  
  63  10:07  Drone  
  63  10:13  Drone  
  63  10:14  Drone x2  
  66  10:25  Drone x2  
  66  10:26  Drone x3  
  71  10:31  Overlord, Drone x2  
  71  10:32  Drone  
  73  10:44  Drone x2  
  73  10:45  Drone  
  73  10:47  Overlord  
  75  11:11  Mutalisk x6  
  75  11:12  Mutalisk x5  
  75  11:16  Zerg Flyer Armor Level 1  
  75  11:17  Mutalisk  
  99  11:31  Mutalisk x2, Hatchery  
  99  11:32  Mutalisk  
  100  11:39  Mutalisk x2  
  100  11:43  Overlord  
  100  11:45  Overlord  
  100  11:46  Mutalisk  
  106  11:50  Zergling x8  
  110  11:57  Mutalisk x2  
  110  12:00  Zergling x4  
  113  12:01  Overlord  
  113  12:05  Mutalisk  
  115  12:11  Mutalisk  
  115  12:13  Overlord  
  117  12:18  Mutalisk  
  117  12:21  Zergling x2  
  117  12:22  Zergling x12  
  124  12:38  Mutalisk  
  124  12:39  Mutalisk x2  
  123  12:55  Mutalisk x2  
  123  12:56  Mutalisk  
  123  12:57  Zergling x6  
  123  12:58  Zergling x12  
  129  13:13  Zerg Flyer Armor Level 2  
  129  13:14  Mutalisk  
  129  13:16  Zergling x2  
  129  13:17  Zergling x10  
  137  13:24  Mutalisk  
  137  13:25  Mutalisk  
  137  13:27  Overlord x2  
  144  13:32  Mutalisk  
  143  13:40  Mutalisk  
  145  13:42  Overlord x3  
  145  13:43  Overlord x2  
  145  13:50  Mutalisk x2  
  143  13:57  Mutalisk  
  143  13:59  Zergling x12  
  137  14:12  Mutalisk x2  
  140  14:23  Mutalisk x2  
  144  14:28  Zergling x14  
  151  14:33  Hatchery  
  146  14:47  Mutalisk x3  
  151  14:54  Extractor  
  151  14:58  Mutalisk  
  153  15:00  Zergling x16  
  160  15:15  Extractor  
  160  15:16  Mutalisk x2  
  160  15:17  Extractor  
  161  15:22  Zergling x12  
  161  15:23  Zergling x2  
  162  15:28  Drone x3  
  161  15:38  Mutalisk x3  
  161  15:57  Mutalisk x2  
  161  16:03  Mutalisk  
  145  16:06  Zergling x12  
  145  16:07  Spore Crawler  
  145  16:09  Spore Crawler  
  145  16:10  Spore Crawler  
  127  16:17  Drone  
  127  16:18  Drone x6  
  122  16:22  Drone  
  122  16:23  Drone  
  121  16:38  Mutalisk  
  121  16:40  Drone x2  
  118  16:57  Mutalisk x2  
Show
View Real Time Build Order
Export as new Build Order

YouRush Zerg 

Build Orders: Hatch First 

Get SALT Encoding   

  12  0:00  Drone  
  13  0:08  Drone  
  14  0:17  Overlord  
  14  0:35  Drone x3  
  17  0:51  Hatchery  
  16  1:05  Spawning Pool  
  16  1:08  Drone  
  16  1:13  Drone, Extractor  
  16  1:16  Drone  
  17  1:20  Drone  
  18  1:31  Drone  
  19  1:41  Drone  
  20  1:52  Queen  
  22  1:56  Overlord  
  22  2:03  Queen  
  22  2:04  Drone x2  
  26  2:13  Drone  
  26  2:15  Metabolic Boost  
  27  2:18  Drone  
  28  2:27  Drone, Queen  
  28  2:28  Drone  
  32  2:35  Overlord  
  32  2:41  Baneling Nest  
  31  2:44  Zergling x2  
  31  2:46  Zergling x2  
  33  2:58  Drone  
  34  3:00  Zergling x6  
  34  3:01  Zergling x4  
  39  3:09  Zergling x4  
  41  3:15  Lair  
  41  3:17  Drone x3  
  44  3:22  Overlord, Extractor  
  44  3:23  Extractor  
  42  3:27  Drone  
  42  3:31  Drone  
  44  3:42  Baneling x2  
  44  3:44  Drone  
  44  3:45  Drone x2  
  44  3:46  Drone x2  
  44  3:47  Drone  
  50  3:56  Zergling x4  
  50  4:02  Zergling x2  
  49  4:08  Zergling x2  
  49  4:09  Zergling x2  
  41  4:12  Zergling x2  
  39  4:20  Zergling x2  
  39  4:25  Drone  
  40  4:35  Drone  
  40  4:37  Spire  
  40  4:50  Baneling x2  
  40  4:51  Baneling  
  40  4:52  Zergling x14  
  44  5:01  Baneling  
  44  5:02  Baneling  
  44  5:03  Baneling  
  44  5:04  Baneling  
  40  5:09  Zergling x6  
  40  5:18  Zergling x2  
  40  5:19  Zergling x2  
  41  5:26  Drone x4  
  41  5:27  Spine Crawler  
  44  5:41  Zergling x2  
  44  5:42  Queen  
  44  5:49  Zergling x4  
  48  5:50  Baneling x2  
  48  5:54  Mutalisk  
  48  5:55  Mutalisk  
  46  6:12  Zergling x4  
  46  6:16  Zergling x2  
  46  6:17  Zergling x2  
  42  6:26  Mutalisk x3  
  42  6:31  Zergling x6  
  44  6:51  Drone x3  
  42  6:54  Drone  
  42  6:55  Drone  
  42  6:59  Baneling x2  
  44  7:04  Drone x2  
  44  7:07  Drone  
  44  7:08  Queen  
  49  7:14  Zergling x6  
  52  7:20  Overlord  
  51  7:44  Drone x2  
  51  7:49  Drone x3, Queen  
  57  7:58  Hatchery, Extractor  
  55  8:09  Drone  
  55  8:10  Drone  
  55  8:12  Drone x2  
  59  8:21  Mutalisk  
  59  8:22  Overlord  
  59  8:23  Overlord x2  
  58  8:33  Zergling x2  
  54  8:34  Zergling x2  
  42  8:42  Mutalisk  
  37  8:58  Drone  
  37  9:00  Drone  
  37  9:01  Drone  
  39  9:03  Zerg Flyer Armor Level 1  
  39  9:07  Drone x4  
  39  9:09  Drone  
  44  9:11  Queen  
  46  9:17  Drone  
  46  9:23  Drone  
  46  9:24  Drone x2  
  50  9:30  Baneling  
  50  9:31  Baneling  
  50  9:32  Drone x2  
  50  9:34  Drone  
  53  9:41  Queen  
  53  9:42  Drone  
  53  9:43  Drone  
  57  9:52  Overlord  
  57  9:53  Drone  
  57  9:54  Drone x2  
  57  9:58  Drone  
  61  10:06  Drone  
  61  10:07  Drone  
  63  10:09  Drone  
  64  10:14  Mutalisk  
  64  10:15  Mutalisk  
  68  10:24  Mutalisk x4  
  68  10:27  Queen  
  78  10:30  Drone  
  78  10:32  Drone  
  80  10:36  Overseer  
  80  10:39  Drone  
  80  10:40  Drone  
  82  10:44  Drone  
  83  10:50  Spine Crawler  
  83  10:51  Drone x4  
  86  11:02  Zerg Flyer Weapons Level 1  
  86  11:04  Mutalisk x5  
  86  11:10  Drone  
  86  11:11  Drone  
  98  11:12  Overlord  
  98  11:13  Extractor  
  98  11:15  Extractor  
  96  11:18  Overlord  
  96  11:19  Overlord  
  95  11:30  Drone  
  95  11:31  Drone x3, Spore Crawler  
  97  11:41  Mutalisk x2  
  97  11:42  Mutalisk  
  103  11:48  Extractor  
  103  11:49  Zergling x14  
  103  11:54  Zergling x6  
  110  12:00  Drone  
  113  12:05  Mutalisk x2  
  117  12:09  Drone  
  117  12:10  Drone, Hatchery  
  117  12:14  Spore Crawler  
  117  12:25  Mutalisk x2  
  117  12:28  Overlord x2  
  121  12:53  Mutalisk x8  
  137  12:59  Zergling x4  
  130  13:08  Queen  
  130  13:10  Mutalisk x2  
  132  13:18  Mutalisk  
  133  13:22  Drone  
  133  13:23  Drone x7  
  141  13:33  Overlord x2  
  141  13:41  Overlord x2  
  129  14:01  Mutalisk  
  129  14:02  Mutalisk x5  
  127  14:06  Mutalisk  
  127  14:07  Mutalisk  
  123  14:10  Drone x4  
  127  14:19  Spine Crawler  
  127  14:22  Spore Crawler  
  127  14:23  Spine Crawler  
  124  14:25  Zergling x2  
  124  14:26  Zergling x4  
  127  14:53  Mutalisk x5  
  137  15:02  Drone x5  
  142  15:22  Mutalisk  
  142  15:23  Mutalisk  
  142  15:26  Overlord x2  
  140  15:34  Mutalisk  
  140  15:35  Mutalisk x2  
  139  15:48  Zergling x12  
  84  16:16  Mutalisk x4  
  84  16:17  Mutalisk  
  79  16:33  Mutalisk x2  
  79  16:36  Zergling x2  
  79  16:37  Zergling x4  
  78  16:47  Mutalisk  
  78  16:50  Zergling x6  
  82  17:02  Mutalisk x2  
  82  17:07  Zergling x2  
  82  17:08  Zergling x2  
Tags
 
Add a new tag
Caveats
  • Supply blocks, unpowered buildings, or Contaminate may cause inaccurate times.
  • Supply counts are checked every 10 seconds.